 Dungeon Crawl Stone Soup version 0.29.0-4-gdea44cf6ec (webtiles) character file.

Game seed: 14978939633978704793

113354 qw the Wrestler (level 16, -2/158 HPs)
             Began as a Troll Cinder Acolyte on Aug 30, 2022.
             Was a High Priest of Okawaru.
             Slain by a salamander
             ... wielding a +0 trident
              (11 damage)
             ... on level 1 of the Snake Pit.
             The game lasted 00:13:33 (23643 turns).

qw the Wrestler (Troll Cinder Acolyte)             Turns: 23643, Time: 00:13:34

Health: -2/158     AC: 20    Str: 32    XL:     16   Next: 13%
Magic:  21/22      EV: 10    Int: 12    God:    Okawaru [*****.]
Gold:   552        SH:  0    Dex:  5    Spells: 17/17 levels left

rFire   . . .      SeeInvis +     - Unarmed
rCold   . . .      Faith    .   (no shield)
rNeg    . . .      Spirit   .   w - +5 robe of Night {Dark Will+ SInv}
rPois   +          Reflect  .   x - +3 crown of Dyrovepreva {rElec Int+2 SInv}
rElec   +          Harm     .   f - +2 cloak
rCorr   .          Rampage  .   (gloves unavailable)
Will    +++..                   (boots unavailable)
Stlth   ++........              c - amulet of the acrobat
HPRegen 1.16/turn               e - ring "Osaecek" {rPois Will+}
MPRegen 0.18/turn               b - +4 ring of protection

@: about to teleport, heroic
A: large, unfitting armour, claws 3, regeneration 1, shaggy fur 1, tough skin 1
a: Renounce Religion, Heroism, Finesse, Duel


You were on level 1 of the Snake Pit.
You worshipped Okawaru.
Okawaru was extremely pleased with you.
You visited 5 branches of the dungeon, and saw 24 of its levels.

You collected 2259 gold pieces.
You spent 1707 gold pieces at shops.


Innate Abilities, Weirdness & Mutations

You are too large for most types of armour.
You have claws for hands.
Your natural rate of healing is unusually fast.
You are covered in fur. (AC +1)
You have tough skin. (AC +1)


   Skills:
 - Level 10.0(15.0) Fighting
 + Level 9.8(14.8) Throwing
 - Level 3.0(8.0) Armour
 - Level 2.3(7.3) Dodging
 - Level 22.0(27) Unarmed Combat
 - Level 1.0 Spellcasting
 - Level 2.1 Fire Magic
 - Level 10.0 Invocations


You had 17 spell levels left.
You didn't know any spells.
Your spell library contained the following spells:

 Spells                   Type           Power      Damage    Failure   Level
 Scorch                   Fire           10%        2d6       19%         2

Inventory:

Missiles
 k - 9 javelins
 m - 25 large rocks (quivered)
 p - a silver javelin
 u - 14 boomerangs
Armour
 f - a +2 cloak (worn)
 s - the +4 moon troll leather armour {Spirit, Regen++ MP+5}
   (You found it on level 6 of the Dungeon)

   MP:        It affects your magic capacity (+5).
   Regen:     It increases your rate of health regeneration.
 w - the +5 robe of Night (worn) {Dark Will+ SInv}
   (You bought it in a shop on level 2 of the Orcish Mines)

   It shrouds the wearer in darkness, reducing the range at which they can see
   and be seen by others.
   SInv:      It lets you see invisible.
   Will:      It increases your willpower.
 x - the +3 crown of Dyrovepreva (worn) {rElec Int+2 SInv}
   (Okawaru gifted it to you on level 15 of the Dungeon)

   Int:       It affects your intelligence (+2).
   rElec:     It insulates you from electricity.
   SInv:      It lets you see invisible.
Jewellery
 b - a +4 ring of protection (right claw)
 c - an amulet of the acrobat (around neck)
 e - the ring "Osaecek" (left claw) {rPois Will+}
   (You bought it in a shop on level 9 of the Dungeon)

   [ring of poison resistance]

   rPois:     It protects you from poison.
   Will:      It increases your willpower.
 q - a ring of poison resistance
 r - a +4 ring of evasion
Wands
 j - a wand of digging (6)
Scrolls
 a - 5 scrolls of enchant weapon
 o - 8 scrolls of identify
 t - 6 scrolls of teleportation
 y - a scroll of brand weapon
Potions
 d - 4 potions of might
 g - 10 potions of curing
 h - 8 potions of mutation
 i - 2 potions of haste
 l - 2 potions of cancellation
 n - a potion of resistance
 v - a potion of heal wounds

Dungeon Overview and Level Annotations

Branches:
Dungeon (15/15)            Temple (1/1) D:4            Lair (5/5) D:8
  Swamp (0/4) Lair:3        Snake (1/4) Lair:3        Slime (0/5) Lair:5
    Orc (2/2) D:9             Elf (0/3) Orc:2        Vaults (0/5) D:13
 Depths (0/4) D:15

Altars:
Ashenzari
Dithmenos
Elyvilon
Fedhas
Gozag
Hepliaklqana
Kikubaaqudgha
Makhleb
Nemelex Xobeh
Okawaru
Qazlal
Trog
Uskayaw
Vehumet
Xom
Yredelemnul
Zin

Shops:
D:9 =   Orc:2 [=?*

Portals:
Pandemonium: Orc:2

Annotations:
D:2 1 runed translucent door, Crazy Yiuf
D:3 1 runed translucent door, qw's ghost, weakling TeWr
Lair:1 3 runed translucent doors, qw's ghost, novice TeWr
Lair:5 1 runed translucent door


Message History

You are engulfed in flames!
The salamander barely misses you.
The salamander hits you from afar with a +0 trident.
You are engulfed in flames!
The salamander mystic misses you.
A salamander comes into view. It is wielding a +0 trident.
You mangle the salamander!!
The salamander is heavily wounded.
The salamander hits you with a +0 spear!
You are engulfed in flames!
The salamander barely misses you.
You eviscerate the salamander!!!
You kill the salamander!
Okawaru accepts your kill.
You hear a sizzling splash.
The salamander hits you with a +0 trident of protection.
You are engulfed in flames!
The salamander mystic hits you but does no damage.
You mangle the salamander mystic!!
You claw the salamander mystic, but do no damage.
The salamander mystic is heavily wounded.
The salamander hits you but does no damage.
You eviscerate the salamander mystic!!!
You kill the salamander mystic!
Okawaru accepts your kill.
The salamander hits you with a +0 trident of protection.
You are engulfed in flames!
You claw the salamander! You claw the salamander!!
The salamander is heavily wounded.
The salamander hits you from afar with a +0 trident!
You are engulfed in flames!
The salamander hits you from afar with a +0 trident!
You are engulfed in flames!
23643 ||| READING 7 scrolls of teleportation.
As you read the scroll of teleportation, it crumbles to dust.
You feel strangely unstable. The salamander barely misses you.
The salamander hits you from afar with a +0 trident!
You are engulfed in flames!
The salamander hits you from afar with a +0 trident.
You are engulfed in flames!
You die...

......##.........##.[#
......##....#######..##
......##....# ##..###########
..##..##....##¤~~~~#...##........
............##¤¤~~~#...##........
............##¤~¤~~#...######....
............##~~NN~#....#####....
...#####.....#¤¤.).#.............
..#####......#..@N.#.............
..##.........#.#.###.......?.....
..##.........#.....#.............
..##...########.##.###########...
.......#######.....# ##..
..................... #..
..................... #..
..................... #..
##################### ###


You could see 3 salamanders.

Vanquished Creatures
  Rupert (D:12)
  Frances (D:12)
  A frost giant (D:15)
  Nessos (Lair:3)
  Josephine (D:12)
  An ice dragon (D:12)
  Fannar (D:10)
  4 boulder beetles
  Erolcha (Orc:2)
  8 hydras
  2 ogre magi (D:15)
  3 demonspawn (Orc:2)
  8 two-headed ogres
  5 centaur warriors
  11 death yaks
  3 tengu warriors
  Urug (D:12)
  8 orc high priests (Orc:2)
  Amaemon (Lair:3)
  4 skeletal warriors (D:11)
  A salamander mystic (Snake:1)
  A wizard (D:14)
  5 orc knights
  A mana viper (Snake:1)
  32 ugly things
  6 cyclopes
  2 deep elf pyromancers
  2 lindwurms
  4 orc sorcerers (Orc:2)
  A salamander (Snake:1)
  2 slime creatures (D:12)
  Maurice (D:10)
  Joseph (D:7)
  2 black mambas
  An orange demon (Lair:3)
  A torpor snail (Lair:5)
  3 gargoyles
  13 cane toads
  An efreet (D:13)
  15 komodo dragons
  A rime drake (Lair:4)
  A tengu conjurer (D:14)
  2 ice devils (Orc:2)
  12 trolls
  3 meliai (D:15)
  3 hornets (Lair:5)
  A queen bee (D:11)
  7 polar bears
  11 blink frogs
  2 dream sheep (Lair:5)
  A shadow (D:10)
  A culicivora (shapeshifter) (D:15)
  Sigmund (D:2)
  A water elemental (D:15)
  A vampire (D:10)
  14 spriggans
  4 basilisks
  8 wyverns
  35 yaks
  6 wraiths
  16 humans (D:13)
  Grum (D:10)
  A chaos spawn (Orc:2)
  A steam dragon (D:8)
  13 fire elementals
  11 vampire mosquitoes
  5 wargs (Orc:1)
  3 nagas (Lair:3)
  19 water moccasins
  4 acid dragons
  An ice beast (D:6)
  29 orc warriors
  A swamp drake (D:8)
  7 black bears
  16 ogres
  4 boggarts (Lair:5)
  31 wolves
  10 centaurs
  5 phantoms
  2 kobold brigands
  10 bullfrogs
  2 scorpions (D:6)
  3 gnoll sergeants
  4 necrophages
  5 wights (D:7)
  13 killer bees
  10 howler monkeys
  3 electric eels
  A hound (D:4)
  A jelly (D:6)
  27 orc priests
  A gnoll bouda (D:7)
  4 iguanas
  Terence (D:3)
  19 orc wizards
  Natasha (thrice) (D:3)
  7 hell rats (Lair:3)
  7 adders
  19 gnolls
  2 worms
  69 orcs
  3 ball pythons
  4 endoplasms
  4 giant cockroaches
  7 goblins
  5 hobgoblins
  3 jackals (D:1)
  16 kobolds
  2 quokkas
  5 bats
  2 frilled lizards (D:1)
  6 rats
  A spectral orc (D:8)
725 creatures vanquished.

Vanquished Creatures (others)
  A rime drake (Lair:3)
  7 fungi
  52 plants
60 creatures vanquished.

Grand Total: 785 creatures vanquished

Notes
Turn   | Place    | Note
-------+----------+-------------------------------------------
     0 | D:1      | qw the Troll Cinder Acolyte began the quest for the Orb.
     0 | D:1      | Reached XP level 1. HP: 22/22 MP: 1/1
     0 | D:1      | 0 ||| qw: Version: 0.1-a-95-gae9e614
     0 | D:1      | 0 ||| qw: Game counter: 4400
     0 | D:1      | 0 ||| qw: Always use a shield: true
     0 | D:1      | 0 ||| qw: God list: Okawaru
     0 | D:1      | 0 ||| qw: Allow faded altars: false
     0 | D:1      | 0 ||| qw: Do Orc after D:15 true
     0 | D:1      | 0 ||| qw: Do second Lair branch before Depths: true
     0 | D:1      | 0 ||| qw: Lair rune preference: random
     0 | D:1      | 0 ||| qw: Plans: Normal
     0 | D:1      | 0 ||| PLANNING D:1-11
   291 | D:1      | 291 ||| Stepping ~*~*~tactically~*~*~ (stealth).
   294 | D:1      | 294 ||| Stepping ~*~*~tactically~*~*~ (stealth).
   295 | D:1      | 295 ||| Stepping ~*~*~tactically~*~*~ (stealth).
   310 | D:1      | Reached XP level 2. HP: 28/29 MP: 2/2
   470 | D:1      | 470 ||| Stepping ~*~*~tactically~*~*~ (outnumbered).
   472 | D:1      | 472 ||| Stepping ~*~*~tactically~*~*~ (outnumbered).
   582 | D:1      | Reached skill level 4 in Unarmed Combat
   742 | D:1      | 742 ||| UPGRADING to amulet of the acrobat.
   747 | D:1      | 747 ||| READING scroll labelled IPHUAG TAFI.
   748 | D:1      | 748 ||| READING scroll labelled BASINOAXK CEUTUFUO.
   753 | D:1      | 753 ||| DRINKING 2 orange potions.
   990 | D:2      | Reached XP level 3. HP: 36/36 MP: 3/3
  1156 | D:2      | Found a runed translucent door.
  1157 | D:2      | Noticed Crazy Yiuf
  1218 | D:2      | Noticed Sigmund
  1230 | D:2      | 1230 ||| INVOKING Fiery Armour.
  1242 | D:2      | HP: 8/36 [something/magic dart (4)]
  1245 | D:2      | Killed Sigmund
  1246 | D:2      | Reached skill level 6 in Unarmed Combat
  1246 | D:2      | Reached XP level 4. HP: 13/44 MP: 4/4
  1246 | D:2      | Reached XP level 5. HP: 15/50 MP: 5/5
  1465 | D:2      | 1465 ||| UPGRADING to +0 cloak.
  1470 | D:2      | 1470 ||| UPGRADING to +0 robe of positive energy.
  1480 | D:2      | 1480 ||| DROPPING +0 robe.
  1481 | D:2      | 1481 ||| READING 2 scrolls labelled VEDGHI DOATHRU.
  1482 | D:2      | 1482 ||| DROPPING scroll of immolation.
  1533 | D:3      | Noticed an ogre
  1541 | D:3      | HP: 12/50 [ogre/+0 giant spiked club (23)]
  1542 | D:3      | 1542 ||| READING scroll of teleportation.
  1543 | D:3      | 1543 ||| INVOKING Fiery Armour.
  1544 | D:3      | Killed an ogre
  1545 | D:3      | Reached XP level 6. HP: 18/59 MP: 6/6
  1569 | D:3      | Noticed Terence
  1579 | D:3      | Killed Terence
  1580 | D:3      | Reached skill level 7 in Unarmed Combat
  1596 | D:3      | 1596 ||| Stepping ~*~*~tactically~*~*~ (stealth).
  1599 | D:3      | Found a shadowy altar of Dithmenos.
  1604 | D:3      | Found a stormy altar of Qazlal.
  1709 | D:3      | Noticed qw's ghost (weakling TeWr)
  1709 | D:3      | You fall into a shaft and drop 2 floors!
  1709 | D:5      | Entered Level 5 of the Dungeon
  1717 | D:5      | 1717 ||| INVOKING Fiery Armour.
  1823 | D:5      | 1823 ||| UPGRADING to +4 ring of protection.
  1824 | D:5      | 1824 ||| READING 2 scrolls labelled NUPTIOCWEURA.
  1825 | D:5      | 1825 ||| READING scroll labelled MUEFYA OZAMM.
  1826 | D:5      | 1826 ||| DRINKING 2 lumpy sapphire potions.
  1827 | D:5      | 1827 ||| DROPPING scroll of vulnerability.
  1965 | D:4      | 1965 ||| READING scroll labelled QIBRACY JICU.
  2002 | D:3      | Noticed Natasha
  2008 | D:3      | Killed Natasha
  2068 | D:3      | 2068 ||| Stepping ~*~*~tactically~*~*~ (hiding).
  2069 | D:3      | 2069 ||| Stepping ~*~*~tactically~*~*~ (hiding).
  2071 | D:3      | 2071 ||| Stepping ~*~*~tactically~*~*~ (hiding).
  2072 | D:3      | 2072 ||| Stepping ~*~*~tactically~*~*~ (hiding).
  2083 | D:3      | Reached skill level 8 in Unarmed Combat
  2135 | D:3      | Reached XP level 7. HP: 66/66 MP: 7/7
  2305 | D:3      | Found a runed translucent door.
  2710 | D:3      | 2710 ||| READING scroll labelled CUESUQ OPRUCW.
  2712 | D:3      | Noticed Natasha
  2717 | D:3      | Killed Natasha
  2725 | D:3      | Noticed Natasha
  2732 | D:3      | Killed Natasha
  2733 | D:3      | Reached skill level 3 in Fighting
  2753 | D:4      | Found a staircase to the Ecumenical Temple.
  2773 | D:4      | 2773 ||| Stepping ~*~*~tactically~*~*~ (hiding).
  2775 | D:4      | 2775 ||| INVOKING Fiery Armour.
  2779 | D:4      | 2779 ||| Stepping ~*~*~tactically~*~*~ (outnumbered).
  2780 | D:4      | 2780 ||| Stepping ~*~*~tactically~*~*~ (outnumbered).
  2781 | D:4      | 2781 ||| Stepping ~*~*~tactically~*~*~ (outnumbered).
  2782 | D:4      | 2782 ||| Stepping ~*~*~tactically~*~*~ (outnumbered).
  2783 | D:4      | 2783 ||| Stepping ~*~*~tactically~*~*~ (outnumbered).
  2785 | D:4      | 2785 ||| Stepping ~*~*~tactically~*~*~ (outnumbered).
  2786 | D:4      | 2786 ||| Stepping ~*~*~tactically~*~*~ (outnumbered).
  2787 | D:4      | 2787 ||| STAIRDANCE
  2789 | D:3      | 2789 ||| Stepping ~*~*~tactically~*~*~ (outnumbered).
  2790 | D:3      | 2790 ||| Stepping ~*~*~tactically~*~*~ (outnumbered).
  2791 | D:3      | 2791 ||| Stepping ~*~*~tactically~*~*~ (outnumbered).
  2792 | D:3      | 2792 ||| Stepping ~*~*~tactically~*~*~ (outnumbered).
  2811 | D:4      | 2811 ||| Stepping ~*~*~tactically~*~*~ (outnumbered).
  2891 | D:4      | Found Jerihyopp's Book Emporium.
  3118 | D:4      | Found a sparkling altar of Nemelex Xobeh.
  3443 | D:4      | 3443 ||| UPGRADING to ring of protection from cold.
  3444 | D:4      | 3444 ||| DROPPING ring of flight.
  3563 | D:5      | Reached skill level 9 in Unarmed Combat
  3692 | D:5      | 3692 ||| Stepping ~*~*~tactically~*~*~ (stealth).
  3695 | D:5      | 3695 ||| Stepping ~*~*~tactically~*~*~ (hiding).
  3708 | D:5      | Reached skill level 1 in Throwing
  3717 | D:5      | Reached skill level 1 in Dodging
  3717 | D:5      | Reached XP level 8. HP: 56/75 MP: 8/8
  3890 | D:5      | 3890 ||| Stepping ~*~*~tactically~*~*~ (stealth).
  3900 | D:5      | 3900 ||| INVOKING Fiery Armour.
  3901 | D:5      | HP: 16/75 [poisoned by a killer bee]
  3902 | D:5      | 3902 ||| READING 2 scrolls of teleportation.
  3902 | D:5      | HP: 6/75 [killer bee (3)]
  3903 | D:5      | 3903 ||| DRINKING potion of heal wounds.
  3907 | D:5      | HP: 12/75 [poisoned by a killer bee]
  3912 | D:5      | HP: 11/75 [poisoned by a killer bee]
  4058 | D:5      | Found a hazy altar of Hepliaklqana.
  4119 | D:5      | Reached skill level 10 in Unarmed Combat
  4276 | D:5      | 4276 ||| UPGRADING to +6 ring of strength.
  4278 | D:5      | 4278 ||| UPGRADING to ring of poison resistance.
  4280 | D:5      | 4280 ||| DROPPING ring of protection from cold.
  4281 | D:5      | 4281 ||| UPGRADING to +4 ring of protection.
  4283 | D:5      | 4283 ||| READING 3 scrolls labelled TUDUANLYP.
  4284 | D:5      | 4284 ||| READING scroll labelled ZAAFOA VOTE.
  4285 | D:5      | 4285 ||| DRINKING 2 pink potions.
  4321 | D:5      | 4321 ||| DROPPING potion of lignification.
  4322 | D:5      | 4322 ||| DROPPING 2 scrolls of amnesia.
  4427 | D:6      | 4427 ||| Stepping ~*~*~tactically~*~*~ (stealth).
  4673 | D:6      | Found the +4 moon troll leather armour {Spirit, Regen++
                  | MP+5}
  4911 | D:6      | Reached skill level 11 in Unarmed Combat
  4911 | D:6      | Reached XP level 9. HP: 84/84 MP: 9/9
  4972 | D:6      | 4972 ||| UPGRADING to +4 moon troll leather armour {Spirit,
                  | Regen++ MP+5}.
  4982 | D:6      | 4982 ||| DROPPING +0 robe of positive energy.
  5018 | D:6      | 5018 ||| READING scroll labelled KOZAQ OZXIWN.
  5019 | D:6      | 5019 ||| READING 4 scrolls labelled BEBLISHRAOG.
  5020 | D:6      | 5020 ||| DRINKING 2 bubbling puce potions.
  5021 | D:6      | 5021 ||| READING 2 scrolls of identify.
  5021 | D:6      | 5021 ||| IDENTIFYING ruby potion
  5022 | D:6      | 5022 ||| DROPPING potion of flight.
  5023 | D:6      | 5023 ||| DROPPING 3 scrolls of summoning.
  5067 | D:7      | 5067 ||| Stepping ~*~*~tactically~*~*~ (stealth).
  5074 | D:7      | 5074 ||| Stepping ~*~*~tactically~*~*~ (stealth).
  5076 | D:7      | 5076 ||| Stepping ~*~*~tactically~*~*~ (stealth).
  5085 | D:7      | Reached skill level 1 in Armour
  5108 | D:7      | Found an ancient bone altar of Kikubaaqudgha.
  5109 | D:7      | 5109 ||| READING scroll labelled CIAPOKLAMOPH.
  5111 | D:7      | 5111 ||| READING 2 scrolls of teleportation.
  5136 | D:7      | 5136 ||| Stepping ~*~*~tactically~*~*~ (stealth).
  5180 | D:7      | Found a broken altar of Ashenzari.
  5283 | D:7      | Reached skill level 12 in Unarmed Combat
  5293 | D:7      | Noticed Joseph
  5294 | D:7      | 5294 ||| FLEEEEING.
  5295 | D:7      | 5295 ||| Stepping ~*~*~tactically~*~*~ (hiding).
  5305 | D:7      | 5305 ||| INVOKING Fiery Armour.
  5308 | D:7      | Killed Joseph
  5309 | D:7      | 5309 ||| Stepping ~*~*~tactically~*~*~ (outnumbered).
  5537 | D:7      | 5537 ||| Stepping ~*~*~tactically~*~*~ (stealth).
  5539 | D:7      | 5539 ||| Stepping ~*~*~tactically~*~*~ (stealth).
  5544 | D:7      | 5544 ||| Stepping ~*~*~tactically~*~*~ (stealth).
  5545 | D:7      | 5545 ||| Stepping ~*~*~tactically~*~*~ (stealth).
  5548 | D:7      | 5548 ||| Stepping ~*~*~tactically~*~*~ (stealth).
  5557 | D:7      | 5557 ||| Stepping ~*~*~tactically~*~*~ (outnumbered).
  5563 | D:7      | 5563 ||| Stepping ~*~*~tactically~*~*~ (stealth).
  5567 | D:7      | 5567 ||| Stepping ~*~*~tactically~*~*~ (stealth).
  5638 | D:7      | 5638 ||| READING scroll of teleportation.
  5741 | D:7      | 5741 ||| READING scroll of teleportation.
  5983 | D:8      | 5983 ||| READING scroll of teleportation.
  5984 | D:8      | 5984 ||| FLEEEEING.
  5985 | D:8      | 5985 ||| FLEEEEING.
  5986 | D:8      | 5986 ||| FLEEEEING.
  5987 | D:8      | 5987 ||| FLEEEEING.
  6042 | D:8      | 6042 ||| Stepping ~*~*~tactically~*~*~ (stealth).
  6126 | D:8      | Reached XP level 10. HP: 91/96 MP: 10/10
  6313 | D:8      | Reached skill level 13 in Unarmed Combat
  6608 | D:8      | Found a basalt altar of Yredelemnul.
  6689 | D:8      | Reached skill level 3 in Throwing
  6739 | D:8      | 6739 ||| Stepping ~*~*~tactically~*~*~ (hiding).
  6910 | D:8      | Found a staircase to the Lair.
  7048 | D:8      | 7048 ||| PLANNING LAIR
  7048 | D:8      | 7048 ||| READING 3 scrolls of identify.
  7048 | D:8      | 7048 ||| IDENTIFYING green potion
  7049 | D:8      | 7049 ||| READING 2 scrolls of identify.
  7049 | D:8      | 7049 ||| IDENTIFYING lumpy golden potion
  7050 | D:8      | 7050 ||| DROPPING potion of attraction.
  7051 | D:8      | 7051 ||| DROPPING potion of degeneration.
  7168 | Lair:1   | Entered Level 1 of the Lair of Beasts
  7289 | Lair:1   | 7289 ||| INVOKING Fiery Armour.
  7292 | Lair:1   | 7292 ||| Stepping ~*~*~tactically~*~*~ (outnumbered).
  7293 | Lair:1   | 7293 ||| Stepping ~*~*~tactically~*~*~ (outnumbered).
  7295 | Lair:1   | 7295 ||| Stepping ~*~*~tactically~*~*~ (outnumbered).
  7300 | Lair:1   | Reached skill level 14 in Unarmed Combat
  7322 | Lair:1   | Noticed a minotaur
  7323 | Lair:1   | Found a runed translucent gate.
  7324 | Lair:1   | Found a runed translucent gate.
  7326 | Lair:1   | Found a runed translucent gate.
  7326 | Lair:1   | Noticed qw's ghost (novice TeWr)
  7348 | Lair:1   | Reached skill level 6 in Fighting
  7351 | Lair:1   | Noticed a cane toad
  7359 | Lair:1   | Killed a cane toad
  7368 | Lair:1   | Identified the +7 dagger of Terror {vamp, Drain Str+4}
  7660 | Lair:1   | Noticed a cane toad
  7769 | Lair:1   | Noticed a cane toad
  7777 | Lair:1   | Killed a cane toad
  7783 | Lair:1   | Identified the +8 war axe of Summer {drain, rElec rF+}
  8116 | Lair:1   | 8116 ||| DROPPING scarf of shadows.
  8117 | Lair:1   | 8117 ||| READING scroll labelled YKKOMNOXIUF.
  8118 | Lair:1   | 8118 ||| DRINKING 2 bubbling red potions.
  8119 | Lair:1   | 8119 ||| READING 2 scrolls of identify.
  8119 | Lair:1   | 8119 ||| IDENTIFYING bubbling orange potion
  8160 | Lair:2   | Noticed a cane toad
  8169 | Lair:2   | Killed a cane toad
  8209 | Lair:2   | 8209 ||| Stepping ~*~*~tactically~*~*~ (outnumbered).
  8210 | Lair:2   | 8210 ||| Stepping ~*~*~tactically~*~*~ (outnumbered).
  8211 | Lair:2   | 8211 ||| Stepping ~*~*~tactically~*~*~ (outnumbered).
  8212 | Lair:2   | 8212 ||| Stepping ~*~*~tactically~*~*~ (outnumbered).
  8213 | Lair:2   | 8213 ||| Stepping ~*~*~tactically~*~*~ (outnumbered).
  8217 | Lair:2   | Reached skill level 15 in Unarmed Combat
  8217 | Lair:2   | Reached XP level 11. HP: 101/105 MP: 11/11
  8270 | Lair:2   | 8270 ||| Stepping ~*~*~tactically~*~*~ (hiding).
  8385 | Lair:2   | 8385 ||| INVOKING Fiery Armour.
  8444 | Lair:2   | Noticed an eight-headed hydra
  8456 | Lair:2   | Killed a nine-headed hydra
  8466 | Lair:2   | 8466 ||| Stepping ~*~*~tactically~*~*~ (outnumbered).
  8568 | Lair:2   | 8568 ||| READING scroll of enchant armour.
  8568 | Lair:2   | 8568 ||| ENCHANTING +0 cloak.
  8976 | Lair:2   | 8976 ||| READING 4 scrolls of identify.
  8976 | Lair:2   | 8976 ||| IDENTIFYING murky sapphire potion
  8977 | Lair:2   | 8977 ||| READING 3 scrolls of identify.
  8977 | Lair:2   | 8977 ||| IDENTIFYING grey potion
  8978 | Lair:2   | 8978 ||| DROPPING potion of invisibility.
  9012 | Lair:3   | Found a staircase to the Swamp.
  9160 | Lair:3   | Reached skill level 16 in Unarmed Combat
  9168 | Lair:3   | 9168 ||| INVOKING Fiery Armour.
  9173 | Lair:3   | 9173 ||| Stepping ~*~*~tactically~*~*~ (stealth).
  9189 | Lair:3   | Noticed a seven-headed hydra
  9196 | Lair:3   | Killed an eight-headed hydra
  9294 | Lair:3   | 9294 ||| Stepping ~*~*~tactically~*~*~ (outnumbered).
  9295 | Lair:3   | 9295 ||| Stepping ~*~*~tactically~*~*~ (outnumbered).
  9296 | Lair:3   | 9296 ||| Stepping ~*~*~tactically~*~*~ (outnumbered).
  9297 | Lair:3   | 9297 ||| Stepping ~*~*~tactically~*~*~ (outnumbered).
  9350 | Lair:3   | 9350 ||| Stepping ~*~*~tactically~*~*~ (stealth).
  9353 | Lair:3   | 9353 ||| INVOKING Fiery Armour.
  9360 | Lair:3   | 9360 ||| Stepping ~*~*~tactically~*~*~ (outnumbered).
  9372 | Lair:3   | Noticed a lindwurm
  9374 | Lair:3   | 9374 ||| Stepping ~*~*~tactically~*~*~ (hiding).
  9380 | Lair:3   | Killed a lindwurm
  9382 | Lair:3   | 9382 ||| Stepping ~*~*~tactically~*~*~ (stealth).
  9385 | Lair:3   | 9385 ||| Stepping ~*~*~tactically~*~*~ (stealth).
  9386 | Lair:3   | 9386 ||| Stepping ~*~*~tactically~*~*~ (stealth).
  9389 | Lair:3   | Reached XP level 12. HP: 118/118 MP: 12/12
  9389 | Lair:3   | Noticed Nessos
  9400 | Lair:3   | 9400 ||| Stepping ~*~*~tactically~*~*~ (outnumbered).
  9402 | Lair:3   | 9402 ||| Stepping ~*~*~tactically~*~*~ (outnumbered).
  9412 | Lair:3   | HP: 28/118 [Nessos (5)]
  9415 | Lair:3   | Killed Nessos
  9416 | Lair:3   | Reached skill level 17 in Unarmed Combat
  9655 | Lair:3   | Noticed Amaemon
  9656 | Lair:3   | 9656 ||| Stepping ~*~*~tactically~*~*~ (stealth).
  9669 | Lair:3   | Killed Amaemon
  9748 | Lair:3   | 9748 ||| Stepping ~*~*~tactically~*~*~ (stealth).
  9751 | Lair:3   | Found a staircase to the Snake Pit.
  9923 | Lair:3   | 9923 ||| DRINKING 2 bubbling purple potions.
  9941 | Lair:4   | Noticed a death yak
  9941 | Lair:4   | Noticed a death yak
  9941 | Lair:4   | Noticed a death yak
  9941 | Lair:4   | Noticed a death yak
  9941 | Lair:4   | Noticed a death yak
  9941 | Lair:4   | Noticed a death yak
  9942 | Lair:4   | 9942 ||| STAIRDANCE
  9944 | Lair:3   | 9944 ||| INVOKING Fiery Armour.
  9949 | Lair:3   | Killed a death yak
  9950 | Lair:3   | 9950 ||| Stepping ~*~*~tactically~*~*~ (outnumbered).
  9951 | Lair:3   | 9951 ||| Stepping ~*~*~tactically~*~*~ (outnumbered).
  9952 | Lair:3   | 9952 ||| Stepping ~*~*~tactically~*~*~ (outnumbered).
  9963 | Lair:3   | Killed a death yak
  9969 | Lair:3   | Killed a death yak
 10041 | Lair:4   | 10041 ||| Stepping ~*~*~tactically~*~*~ (outnumbered).
 10042 | Lair:4   | 10042 ||| Stepping ~*~*~tactically~*~*~ (outnumbered).
 10043 | Lair:4   | 10043 ||| Stepping ~*~*~tactically~*~*~ (outnumbered).
 10044 | Lair:4   | 10044 ||| Stepping ~*~*~tactically~*~*~ (outnumbered).
 10045 | Lair:4   | 10045 ||| Stepping ~*~*~tactically~*~*~ (outnumbered).
 10046 | Lair:4   | 10046 ||| Stepping ~*~*~tactically~*~*~ (outnumbered).
 10047 | Lair:4   | 10047 ||| Stepping ~*~*~tactically~*~*~ (outnumbered).
 10048 | Lair:4   | 10048 ||| Stepping ~*~*~tactically~*~*~ (outnumbered).
 10049 | Lair:4   | 10049 ||| Stepping ~*~*~tactically~*~*~ (outnumbered).
 10051 | Lair:4   | 10051 ||| Stepping ~*~*~tactically~*~*~ (outnumbered).
 10052 | Lair:4   | 10052 ||| Stepping ~*~*~tactically~*~*~ (outnumbered).
 10056 | Lair:4   | 10056 ||| Stepping ~*~*~tactically~*~*~ (outnumbered).
 10057 | Lair:4   | 10057 ||| Stepping ~*~*~tactically~*~*~ (outnumbered).
 10058 | Lair:4   | 10058 ||| Stepping ~*~*~tactically~*~*~ (outnumbered).
 10059 | Lair:4   | 10059 ||| Stepping ~*~*~tactically~*~*~ (outnumbered).
 10060 | Lair:4   | 10060 ||| Stepping ~*~*~tactically~*~*~ (outnumbered).
 10061 | Lair:4   | Killed a death yak
 10067 | Lair:4   | Killed a death yak
 10068 | Lair:4   | Reached skill level 18 in Unarmed Combat
 10071 | Lair:4   | Killed a death yak
 10162 | Lair:4   | 10162 ||| INVOKING Fiery Armour.
 10226 | Lair:4   | Noticed a seven-headed hydra
 10232 | Lair:4   | Killed an eight-headed hydra
 10372 | Lair:4   | 10372 ||| INVOKING Fiery Armour.
 10375 | Lair:4   | 10375 ||| Stepping ~*~*~tactically~*~*~ (outnumbered).
 10377 | Lair:4   | 10377 ||| Stepping ~*~*~tactically~*~*~ (outnumbered).
 10382 | Lair:4   | 10382 ||| Stepping ~*~*~tactically~*~*~ (outnumbered).
 10383 | Lair:4   | 10383 ||| Stepping ~*~*~tactically~*~*~ (outnumbered).
 10384 | Lair:4   | 10384 ||| Stepping ~*~*~tactically~*~*~ (outnumbered).
 10390 | Lair:4   | 10390 ||| Stepping ~*~*~tactically~*~*~ (outnumbered).
 10513 | Lair:4   | 10513 ||| READING scroll of enchant armour.
 10513 | Lair:4   | 10513 ||| ENCHANTING +1 cloak.
 10519 | Lair:4   | 10519 ||| PLANNING TEMPLE
 10737 | Temple   | Entered the Ecumenical Temple
 10775 | Temple   | 10775 ||| PLANNING CONVERSION TO OKAWARU
 10782 | Temple   | Fell from the grace of Ignis
 10782 | Temple   | Became a worshipper of Warmaster Okawaru
 10783 | Temple   | 10783 ||| PLANNING LAIR
 10783 | Temple   | 10783 ||| DROPPING amulet of guardian spirit.
 11244 | Lair:4   | 11244 ||| Stepping ~*~*~tactically~*~*~ (outnumbered).
 11246 | Lair:4   | 11246 ||| Stepping ~*~*~tactically~*~*~ (outnumbered).
 11247 | Lair:4   | 11247 ||| Stepping ~*~*~tactically~*~*~ (outnumbered).
 11341 | Lair:4   | You fall into a shaft and drop 1 floor!
 11341 | Lair:5   | Entered Level 5 of the Lair of Beasts
 11341 | Lair:5   | Noticed a death yak
 11341 | Lair:5   | Noticed a death yak
 11344 | Lair:5   | Noticed a death yak
 11344 | Lair:5   | Noticed a death yak
 11345 | Lair:5   | Noticed a death yak
 11349 | Lair:5   | 11349 ||| Stepping ~*~*~tactically~*~*~ (outnumbered).
 11350 | Lair:5   | 11350 ||| Stepping ~*~*~tactically~*~*~ (outnumbered).
 11352 | Lair:5   | Killed a death yak
 11354 | Lair:5   | 11354 ||| Stepping ~*~*~tactically~*~*~ (outnumbered).
 11355 | Lair:5   | 11355 ||| Stepping ~*~*~tactically~*~*~ (outnumbered).
 11356 | Lair:5   | 11356 ||| Stepping ~*~*~tactically~*~*~ (outnumbered).
 11357 | Lair:5   | 11357 ||| Stepping ~*~*~tactically~*~*~ (outnumbered).
 11362 | Lair:5   | Killed a death yak
 11362 | Lair:5   | Reached * piety under Okawaru
 11363 | Lair:5   | Reached XP level 13. HP: 127/127 MP: 13/13
 11363 | Lair:5   | 11363 ||| INVOKING Heroism.
 11364 | Lair:5   | 11364 ||| Stepping ~*~*~tactically~*~*~ (outnumbered).
 11371 | Lair:5   | Reached skill level 1 in Invocations
 11690 | Lair:5   | Reached skill level 19 in Unarmed Combat
 11697 | Lair:5   | 11697 ||| Stepping ~*~*~tactically~*~*~ (stealth).
 11708 | Lair:5   | 11708 ||| INVOKING Heroism.
 11709 | Lair:5   | 11709 ||| Stepping ~*~*~tactically~*~*~ (outnumbered).
 11825 | Lair:5   | 11825 ||| INVOKING Heroism.
 11859 | Lair:5   | Reached skill level 3 in Invocations
 11865 | Lair:5   | Reached ** piety under Okawaru
 11894 | Lair:5   | 11894 ||| INVOKING Heroism.
 11962 | Lair:5   | Found a runed translucent door.
 11980 | Lair:5   | 11980 ||| DRINKING 3 potions of curing.
 11980 | Lair:5   | 11980 ||| (to cure confusion)
 11989 | Lair:5   | 11989 ||| INVOKING Heroism.
 12045 | Lair:5   | Found a staircase to the Slime Pits.
 12045 | Lair:5   | Noticed an acid blob
 12048 | Lair:5   | 12048 ||| Stepping ~*~*~tactically~*~*~ (outnumbered).
 12089 | Lair:5   | 12089 ||| Stepping ~*~*~tactically~*~*~ (outnumbered).
 12204 | Lair:5   | 12204 ||| INVOKING Heroism.
 12233 | Lair:5   | 12233 ||| Stepping ~*~*~tactically~*~*~ (stealth).
 12234 | Lair:5   | 12234 ||| Stepping ~*~*~tactically~*~*~ (stealth).
 12235 | Lair:5   | 12235 ||| Stepping ~*~*~tactically~*~*~ (stealth).
 12240 | Lair:5   | 12240 ||| INVOKING Heroism.
 12246 | Lair:5   | 12246 ||| Stepping ~*~*~tactically~*~*~ (outnumbered).
 12247 | Lair:5   | 12247 ||| Stepping ~*~*~tactically~*~*~ (outnumbered).
 12280 | Lair:5   | 12280 ||| INVOKING Heroism.
 12325 | Lair:5   | 12325 ||| INVOKING Heroism.
 12394 | Lair:5   | 12394 ||| Stepping ~*~*~tactically~*~*~ (stealth).
 12399 | Lair:5   | 12399 ||| Stepping ~*~*~tactically~*~*~ (stealth).
 12410 | Lair:5   | 12410 ||| Stepping ~*~*~tactically~*~*~ (stealth).
 12413 | Lair:5   | Reached skill level 6 in Throwing
 12413 | Lair:5   | Found the +11 plutonium sword {Contam Stlth-}
 12416 | Lair:5   | 12416 ||| INVOKING Heroism.
 12442 | Lair:5   | Was forgiven by Ignis
 12494 | Lair:5   | 12494 ||| Stepping ~*~*~tactically~*~*~ (stealth).
 12495 | Lair:5   | 12495 ||| INVOKING Heroism.
 12516 | Lair:5   | Reached skill level 9 in Fighting
 12525 | Lair:5   | 12525 ||| Stepping ~*~*~tactically~*~*~ (stealth).
 12526 | Lair:5   | 12526 ||| INVOKING Heroism.
 12538 | Lair:5   | Reached *** piety under Okawaru
 12582 | Lair:5   | 12582 ||| INVOKING Heroism.
 12650 | Lair:5   | 12650 ||| INVOKING Heroism.
 12655 | Lair:5   | 12655 ||| Stepping ~*~*~tactically~*~*~ (hiding).
 12739 | Lair:5   | Found the +10 morningstar "Eos" {elec, Halo rElec}
 13093 | Lair:5   | 13093 ||| PLANNING D:1-11
 13093 | Lair:5   | 13093 ||| READING scroll labelled ZISTRU KOITEPN.
 13094 | Lair:5   | 13094 ||| READING 5 scrolls of identify.
 13094 | Lair:5   | 13094 ||| IDENTIFYING red potion
 13095 | Lair:5   | 13095 ||| READING 4 scrolls of identify.
 13095 | Lair:5   | 13095 ||| IDENTIFYING coppery potion
 13096 | Lair:5   | 13096 ||| DROPPING potion of ambrosia.
 13097 | Lair:5   | 13097 ||| DROPPING potion of brilliance.
 13278 | D:9      | 13278 ||| INVOKING Heroism.
 13332 | D:9      | Found Zaseoj's Jewellery Boutique.
 13338 | D:9      | 13338 ||| BUYING ring "Osaecek" {rPois Will+} (456 gold).
 13338 | D:9      | Bought the ring "Osaecek" {rPois Will+} for 456 gold pieces
 13338 | D:9      | 13338 ||| SHOPLISTING ring "Seumudgh" {rElec Will- Str+6
                  | SInv Stlth+} (739 gold, have 544).
 13359 | D:9      | 13359 ||| Stepping ~*~*~tactically~*~*~ (outnumbered).
 13360 | D:9      | 13360 ||| Stepping ~*~*~tactically~*~*~ (outnumbered).
 13362 | D:9      | 13362 ||| Stepping ~*~*~tactically~*~*~ (outnumbered).
 13363 | D:9      | 13363 ||| Stepping ~*~*~tactically~*~*~ (outnumbered).
 13364 | D:9      | 13364 ||| Stepping ~*~*~tactically~*~*~ (outnumbered).
 13365 | D:9      | 13365 ||| Stepping ~*~*~tactically~*~*~ (outnumbered).
 13366 | D:9      | 13366 ||| Stepping ~*~*~tactically~*~*~ (outnumbered).
 13367 | D:9      | 13367 ||| Stepping ~*~*~tactically~*~*~ (outnumbered).
 13418 | D:9      | Received a gift from Okawaru
 13546 | D:9      | 13546 ||| Stepping ~*~*~tactically~*~*~ (stealth).
 13556 | D:9      | Found a staircase to the Orcish Mines.
 13667 | D:9      | 13667 ||| Stepping ~*~*~tactically~*~*~ (stealth).
 13669 | D:9      | 13669 ||| Stepping ~*~*~tactically~*~*~ (hiding).
 13671 | D:9      | 13671 ||| INVOKING Heroism.
 13777 | D:9      | Found a white marble altar of Elyvilon.
 13820 | D:9      | 13820 ||| Stepping ~*~*~tactically~*~*~ (hiding).
 13961 | D:9      | 13961 ||| Stepping ~*~*~tactically~*~*~ (hiding).
 13964 | D:9      | 13964 ||| Stepping ~*~*~tactically~*~*~ (hiding).
 14150 | D:9      | 14150 ||| UPGRADING to ring "Osaecek" {rPois Will+}.
 14152 | D:9      | 14152 ||| READING scroll labelled HUBIX WOER.
 14205 | D:10     | Entered Level 10 of the Dungeon
 14232 | D:10     | 14232 ||| Stepping ~*~*~tactically~*~*~ (hiding).
 14233 | D:10     | 14233 ||| Stepping ~*~*~tactically~*~*~ (hiding).
 14248 | D:10     | Identified the +1 ring mail "Imuodun" {rF+ Dex+4}
 14282 | D:10     | Noticed Fannar
 14286 | D:10     | 14286 ||| INVOKING Heroism.
 14291 | D:10     | Killed Fannar
 14373 | D:10     | 14373 ||| Stepping ~*~*~tactically~*~*~ (stealth).
 14374 | D:10     | Noticed Grum
 14375 | D:10     | 14375 ||| INVOKING Heroism.
 14378 | D:10     | 14378 ||| Stepping ~*~*~tactically~*~*~ (outnumbered).
 14385 | D:10     | Killed Grum
 14481 | D:10     | Noticed Maurice
 14521 | D:10     | Killed Maurice
 14585 | D:10     | Reached **** piety under Okawaru
 14622 | D:10     | 14622 ||| Stepping ~*~*~tactically~*~*~ (stealth).
 14656 | D:10     | 14656 ||| INVOKING Heroism.
 14657 | D:10     | 14657 ||| Stepping ~*~*~tactically~*~*~ (stealth).
 14669 | D:10     | Received a gift from Okawaru
 14779 | D:10     | Reached XP level 14. HP: 134/140 MP: 16/16
 14993 | D:10     | Found a bloodstained altar of Trog.
 15483 | D:10     | 15483 ||| DROPPING +6 ring of intelligence.
 15484 | D:10     | 15484 ||| DROPPING ring of willpower.
 15485 | D:10     | 15485 ||| READING scroll labelled WYGREL JUTSOLE.
 15663 | D:11     | 15663 ||| Stepping ~*~*~tactically~*~*~ (hiding).
 15667 | D:11     | 15667 ||| INVOKING Heroism.
 15801 | D:11     | 15801 ||| INVOKING Heroism.
 15822 | D:11     | 15822 ||| INVOKING Heroism.
 15934 | D:11     | 15934 ||| FLEEEEING.
 15935 | D:11     | 15935 ||| FLEEEEING.
 15936 | D:11     | 15936 ||| FLEEEEING.
 15937 | D:11     | 15937 ||| FLEEEEING.
 15939 | D:11     | 15939 ||| FLEEEEING.
 15940 | D:11     | 15940 ||| FLEEEEING.
 15941 | D:11     | 15941 ||| FLEEEEING.
 15944 | D:11     | 15944 ||| FLEEEEING.
 15945 | D:11     | 15945 ||| FLEEEEING.
 15946 | D:11     | 15946 ||| FLEEEEING.
 15947 | D:11     | 15947 ||| FLEEEEING.
 15948 | D:11     | 15948 ||| FLEEEEING.
 15949 | D:11     | 15949 ||| FLEEEEING.
 15950 | D:11     | 15950 ||| FLEEEEING.
 15951 | D:11     | 15951 ||| FLEEEEING.
 15952 | D:11     | 15952 ||| FLEEEEING.
 15953 | D:11     | 15953 ||| FLEEEEING.
 15954 | D:11     | 15954 ||| FLEEEEING.
 15955 | D:11     | 15955 ||| FLEEEEING.
 15956 | D:11     | 15956 ||| FLEEEEING.
 15957 | D:11     | 15957 ||| FLEEEEING.
 15963 | D:11     | 15963 ||| FLEEEEING.
 15964 | D:11     | 15964 ||| FLEEEEING.
 15965 | D:11     | 15965 ||| FLEEEEING.
 15966 | D:11     | 15966 ||| FLEEEEING.
 15967 | D:11     | 15967 ||| FLEEEEING.
 15968 | D:11     | 15968 ||| FLEEEEING.
 15969 | D:11     | 15969 ||| FLEEEEING.
 15970 | D:11     | 15970 ||| FLEEEEING.
 15971 | D:11     | 15971 ||| FLEEEEING.
 15972 | D:11     | 15972 ||| FLEEEEING.
 15973 | D:11     | 15973 ||| FLEEEEING.
 15974 | D:11     | 15974 ||| FLEEEEING.
 15975 | D:11     | 15975 ||| FLEEEEING.
 15976 | D:11     | 15976 ||| FLEEEEING.
 15977 | D:11     | 15977 ||| FLEEEEING.
 15978 | D:11     | 15978 ||| FLEEEEING.
 15979 | D:11     | 15979 ||| FLEEEEING.
 15980 | D:11     | 15980 ||| FLEEEEING.
 15981 | D:11     | 15981 ||| FLEEEEING.
 15982 | D:11     | 15982 ||| FLEEEEING.
 15984 | D:11     | 15984 ||| FLEEEEING.
 16116 | D:11     | 16116 ||| INVOKING Heroism.
 16129 | D:11     | 16129 ||| Stepping ~*~*~tactically~*~*~ (outnumbered).
 16130 | D:11     | 16130 ||| Stepping ~*~*~tactically~*~*~ (outnumbered).
 16131 | D:11     | 16131 ||| Stepping ~*~*~tactically~*~*~ (outnumbered).
 16134 | D:11     | 16134 ||| Stepping ~*~*~tactically~*~*~ (outnumbered).
 16135 | D:11     | 16135 ||| Stepping ~*~*~tactically~*~*~ (outnumbered).
 16136 | D:11     | 16136 ||| Stepping ~*~*~tactically~*~*~ (outnumbered).
 16137 | D:11     | 16137 ||| Stepping ~*~*~tactically~*~*~ (outnumbered).
 16138 | D:11     | 16138 ||| Stepping ~*~*~tactically~*~*~ (outnumbered).
 16139 | D:11     | 16139 ||| Stepping ~*~*~tactically~*~*~ (outnumbered).
 16140 | D:11     | 16140 ||| Stepping ~*~*~tactically~*~*~ (outnumbered).
 16144 | D:11     | 16144 ||| Stepping ~*~*~tactically~*~*~ (outnumbered).
 16580 | D:11     | 16580 ||| INVOKING Heroism.
 16582 | D:11     | 16582 ||| Stepping ~*~*~tactically~*~*~ (outnumbered).
 16583 | D:11     | 16583 ||| Stepping ~*~*~tactically~*~*~ (outnumbered).
 16584 | D:11     | 16584 ||| Stepping ~*~*~tactically~*~*~ (outnumbered).
 16585 | D:11     | 16585 ||| Stepping ~*~*~tactically~*~*~ (outnumbered).
 16586 | D:11     | 16586 ||| Stepping ~*~*~tactically~*~*~ (outnumbered).
 16609 | D:11     | 16609 ||| INVOKING Heroism.
 16695 | D:11     | 16695 ||| PLANNING D
 16695 | D:11     | 16695 ||| DROPPING +6 ring of strength.
 16779 | D:12     | 16779 ||| INVOKING Heroism.
 16781 | D:12     | 16781 ||| Stepping ~*~*~tactically~*~*~ (outnumbered).
 16787 | D:12     | Reached skill level 20 in Unarmed Combat
 16851 | D:12     | Received a gift from Okawaru
 16858 | D:12     | Noticed Josephine
 16865 | D:12     | Killed Josephine
 16880 | D:12     | Reached skill level 6 in Invocations
 16882 | D:12     | 16882 ||| FLEEEEING.
 16883 | D:12     | 16883 ||| FLEEEEING.
 16884 | D:12     | 16884 ||| FLEEEEING.
 16885 | D:12     | 16885 ||| FLEEEEING.
 16887 | D:12     | 16887 ||| FLEEEEING.
 16888 | D:12     | 16888 ||| FLEEEEING.
 16892 | D:12     | 16892 ||| FLEEEEING.
 16897 | D:12     | 16897 ||| STAIRDANCE
 17035 | D:12     | 17035 ||| INVOKING Heroism.
 17039 | D:12     | Received a gift from Okawaru
 17112 | D:12     | Found the +2 hood of the Assassin {Detection Stab+ Stlth++}
 17142 | D:12     | 17142 ||| Stepping ~*~*~tactically~*~*~ (stealth).
 17157 | D:12     | 17157 ||| INVOKING Heroism.
 17366 | D:12     | 17366 ||| INVOKING Heroism.
 17468 | D:12     | Noticed Urug
 17469 | D:12     | 17469 ||| INVOKING Heroism.
 17471 | D:12     | Killed Urug
 17515 | D:12     | 17515 ||| INVOKING Heroism.
 17525 | D:12     | Received a gift from Okawaru
 17607 | D:12     | Noticed Frances
 17608 | D:12     | 17608 ||| Stepping ~*~*~tactically~*~*~ (hiding).
 17612 | D:12     | 17612 ||| INVOKING Heroism.
 17618 | D:12     | Killed Frances
 17728 | D:12     | Noticed Rupert
 17729 | D:12     | 17729 ||| INVOKING Heroism.
 17735 | D:12     | Paralysed by Rupert for 2 turns
 17738 | D:12     | Killed Rupert
 17739 | D:12     | Reached skill level 9 in Throwing
 17790 | D:12     | 17790 ||| UPGRADING to +2 hood of the Assassin {Detection
                  | Stab+ Stlth++}.
 17800 | D:13     | 17800 ||| STAIRDANCE
 17821 | D:13     | 17821 ||| Stepping ~*~*~tactically~*~*~ (stealth).
 17823 | D:13     | 17823 ||| Stepping ~*~*~tactically~*~*~ (stealth).
 17825 | D:13     | 17825 ||| Stepping ~*~*~tactically~*~*~ (stealth).
 17831 | D:13     | 17831 ||| INVOKING Heroism.
 17836 | D:13     | Reached ***** piety under Okawaru
 17842 | D:13     | 17842 ||| Stepping ~*~*~tactically~*~*~ (hiding).
 17855 | D:13     | 17855 ||| INVOKING Heroism.
 17860 | D:13     | Reached skill level 3 in Armour
 17870 | D:13     | Received a gift from Okawaru
 17929 | D:13     | Found a gate to the Vaults.
 17965 | D:13     | 17965 ||| INVOKING Heroism.
 17986 | D:13     | 17986 ||| Stepping ~*~*~tactically~*~*~ (stealth).
 17988 | D:13     | 17988 ||| Stepping ~*~*~tactically~*~*~ (stealth).
 18004 | D:13     | Received a gift from Okawaru
 18247 | D:13     | 18247 ||| INVOKING Heroism.
 18287 | D:13     | 18287 ||| Stepping ~*~*~tactically~*~*~ (stealth).
 18355 | D:13     | Found a sparkling altar of Nemelex Xobeh.
 18452 | D:13     | 18452 ||| Stepping ~*~*~tactically~*~*~ (stealth).
 18454 | D:13     | 18454 ||| Stepping ~*~*~tactically~*~*~ (stealth).
 18456 | D:13     | 18456 ||| Stepping ~*~*~tactically~*~*~ (stealth).
 18479 | D:13     | 18479 ||| READING scroll labelled MADARAEWAJU.
 18512 | D:14     | 18512 ||| INVOKING Heroism.
 18513 | D:14     | 18513 ||| STAIRDANCE
 18515 | D:13     | 18515 ||| Stepping ~*~*~tactically~*~*~ (outnumbered).
 18516 | D:13     | 18516 ||| Stepping ~*~*~tactically~*~*~ (outnumbered).
 18517 | D:13     | 18517 ||| Stepping ~*~*~tactically~*~*~ (outnumbered).
 18518 | D:13     | 18518 ||| Stepping ~*~*~tactically~*~*~ (outnumbered).
 18519 | D:13     | 18519 ||| Stepping ~*~*~tactically~*~*~ (outnumbered).
 18520 | D:13     | 18520 ||| Stepping ~*~*~tactically~*~*~ (outnumbered).
 18521 | D:13     | 18521 ||| Stepping ~*~*~tactically~*~*~ (outnumbered).
 18522 | D:13     | 18522 ||| Stepping ~*~*~tactically~*~*~ (outnumbered).
 18534 | D:13     | Reached XP level 15. HP: 114/146 MP: 12/20
 18613 | D:14     | 18613 ||| STAIRDANCE
 18615 | D:13     | 18615 ||| Stepping ~*~*~tactically~*~*~ (outnumbered).
 18616 | D:13     | 18616 ||| Stepping ~*~*~tactically~*~*~ (outnumbered).
 18619 | D:13     | 18619 ||| INVOKING Heroism.
 18630 | D:13     | Received a gift from Okawaru
 18893 | D:14     | Reached skill level 9 in Invocations
 18911 | D:14     | 18911 ||| INVOKING Heroism.
 18936 | D:14     | 18936 ||| Stepping ~*~*~tactically~*~*~ (outnumbered).
 18937 | D:14     | 18937 ||| INVOKING Heroism.
 18938 | D:14     | 18938 ||| Stepping ~*~*~tactically~*~*~ (outnumbered).
 18939 | D:14     | 18939 ||| Stepping ~*~*~tactically~*~*~ (outnumbered).
 18940 | D:14     | 18940 ||| Stepping ~*~*~tactically~*~*~ (outnumbered).
 18948 | D:14     | 18948 ||| Stepping ~*~*~tactically~*~*~ (hiding).
 18950 | D:14     | 18950 ||| Stepping ~*~*~tactically~*~*~ (hiding).
 19177 | D:14     | 19177 ||| INVOKING Heroism.
 19182 | D:14     | 19182 ||| INVOKING Finesse.
 19192 | D:14     | 19192 ||| Stepping ~*~*~tactically~*~*~ (outnumbered).
 19193 | D:14     | 19193 ||| Stepping ~*~*~tactically~*~*~ (outnumbered).
 19194 | D:14     | 19194 ||| Stepping ~*~*~tactically~*~*~ (outnumbered).
 19195 | D:14     | 19195 ||| Stepping ~*~*~tactically~*~*~ (outnumbered).
 19196 | D:14     | 19196 ||| Stepping ~*~*~tactically~*~*~ (outnumbered).
 19197 | D:14     | 19197 ||| Stepping ~*~*~tactically~*~*~ (outnumbered).
 19198 | D:14     | 19198 ||| Stepping ~*~*~tactically~*~*~ (outnumbered).
 19199 | D:14     | 19199 ||| Stepping ~*~*~tactically~*~*~ (outnumbered).
 19200 | D:14     | 19200 ||| Stepping ~*~*~tactically~*~*~ (outnumbered).
 19201 | D:14     | 19201 ||| Stepping ~*~*~tactically~*~*~ (outnumbered).
 19202 | D:14     | 19202 ||| Stepping ~*~*~tactically~*~*~ (outnumbered).
 19334 | D:15     | Entered Level 15 of the Dungeon
 19346 | D:15     | 19346 ||| Stepping ~*~*~tactically~*~*~ (stealth).
 19350 | D:15     | 19350 ||| INVOKING Heroism.
 19357 | D:15     | 19357 ||| Stepping ~*~*~tactically~*~*~ (outnumbered).
 19360 | D:15     | 19360 ||| Stepping ~*~*~tactically~*~*~ (outnumbered).
 19425 | D:15     | 19425 ||| INVOKING Heroism.
 19426 | D:15     | 19426 ||| INVOKING Finesse.
 19434 | D:15     | Received a gift from Okawaru
 19648 | D:15     | 19648 ||| INVOKING Heroism.
 19655 | D:15     | 19655 ||| Stepping ~*~*~tactically~*~*~ (outnumbered).
 19656 | D:15     | 19656 ||| Stepping ~*~*~tactically~*~*~ (outnumbered).
 19661 | D:15     | 19661 ||| Stepping ~*~*~tactically~*~*~ (outnumbered).
 19662 | D:15     | 19662 ||| Stepping ~*~*~tactically~*~*~ (outnumbered).
 19667 | D:15     | Received a gift from Okawaru
 19756 | D:15     | Noticed a frost giant
 19757 | D:15     | 19757 ||| INVOKING Heroism.
 19758 | D:15     | 19758 ||| Stepping ~*~*~tactically~*~*~ (stealth).
 19759 | D:15     | 19759 ||| INVOKING Finesse.
 19764 | D:15     | Killed a frost giant
 19765 | D:15     | Reached skill level 21 in Unarmed Combat
 19826 | D:15     | Found a staircase to the Depths.
 19883 | D:15     | 19883 ||| INVOKING Heroism.
 20012 | D:15     | 20012 ||| Stepping ~*~*~tactically~*~*~ (hiding).
 20114 | D:15     | 20114 ||| Stepping ~*~*~tactically~*~*~ (stealth).
 20116 | D:15     | 20116 ||| INVOKING Heroism.
 20118 | D:15     | 20118 ||| Stepping ~*~*~tactically~*~*~ (stealth).
 20120 | D:15     | 20120 ||| Stepping ~*~*~tactically~*~*~ (outnumbered).
 20121 | D:15     | 20121 ||| Stepping ~*~*~tactically~*~*~ (outnumbered).
 20122 | D:15     | 20122 ||| Stepping ~*~*~tactically~*~*~ (outnumbered).
 20125 | D:15     | 20125 ||| Stepping ~*~*~tactically~*~*~ (hiding).
 20132 | D:15     | Received a gift from Okawaru
 20132 | D:15     | Found the +3 crown of Dyrovepreva {rElec Int+2 SInv}
 20243 | D:15     | 20243 ||| Stepping ~*~*~tactically~*~*~ (hiding).
 20244 | D:15     | 20244 ||| Stepping ~*~*~tactically~*~*~ (hiding).
 20269 | D:15     | 20269 ||| INVOKING Heroism.
 20270 | D:15     | 20270 ||| Stepping ~*~*~tactically~*~*~ (stealth).
 20271 | D:15     | Paralysed by an ogre mage for 3 turns
 20283 | D:15     | 20283 ||| Stepping ~*~*~tactically~*~*~ (stealth).
 20285 | D:15     | 20285 ||| Stepping ~*~*~tactically~*~*~ (stealth).
 20326 | D:15     | 20326 ||| Stepping ~*~*~tactically~*~*~ (hiding).
 20602 | D:15     | 20602 ||| PLANNING ORC
 20602 | D:15     | 20602 ||| UPGRADING to +3 crown of Dyrovepreva {rElec Int+2
                  | SInv}.
 20612 | D:15     | 20612 ||| DROPPING +2 hood of the Assassin {Detection Stab+
                  | Stlth++}.
 20613 | D:15     | 20613 ||| READING 6 scrolls of identify.
 20613 | D:15     | 20613 ||| IDENTIFYING bubbling brown potion
 20614 | D:15     | 20614 ||| DROPPING potion of berserk rage.
 20737 | Orc:1    | Entered Level 1 of the Orcish Mines
 20738 | Orc:1    | 20738 ||| INVOKING Heroism.
 20793 | Orc:1    | 20793 ||| Stepping ~*~*~tactically~*~*~ (stealth).
 20795 | Orc:1    | 20795 ||| Stepping ~*~*~tactically~*~*~ (hiding).
 20796 | Orc:1    | 20796 ||| Stepping ~*~*~tactically~*~*~ (hiding).
 20884 | Orc:1    | 20884 ||| Stepping ~*~*~tactically~*~*~ (hiding).
 20898 | Orc:1    | 20898 ||| Stepping ~*~*~tactically~*~*~ (stealth).
 20899 | Orc:1    | 20899 ||| INVOKING Heroism.
 20902 | Orc:1    | 20902 ||| Stepping ~*~*~tactically~*~*~ (stealth).
 20905 | Orc:1    | 20905 ||| Stepping ~*~*~tactically~*~*~ (outnumbered).
 20906 | Orc:1    | 20906 ||| Stepping ~*~*~tactically~*~*~ (outnumbered).
 20907 | Orc:1    | 20907 ||| Stepping ~*~*~tactically~*~*~ (outnumbered).
 20908 | Orc:1    | 20908 ||| Stepping ~*~*~tactically~*~*~ (outnumbered).
 20909 | Orc:1    | 20909 ||| Stepping ~*~*~tactically~*~*~ (outnumbered).
 20910 | Orc:1    | 20910 ||| Stepping ~*~*~tactically~*~*~ (outnumbered).
 20911 | Orc:1    | 20911 ||| Stepping ~*~*~tactically~*~*~ (outnumbered).
 20912 | Orc:1    | 20912 ||| Stepping ~*~*~tactically~*~*~ (outnumbered).
 20913 | Orc:1    | 20913 ||| Stepping ~*~*~tactically~*~*~ (outnumbered).
 20920 | Orc:1    | 20920 ||| Stepping ~*~*~tactically~*~*~ (outnumbered).
 20921 | Orc:1    | 20921 ||| INVOKING Heroism.
 20922 | Orc:1    | 20922 ||| Stepping ~*~*~tactically~*~*~ (outnumbered).
 20923 | Orc:1    | 20923 ||| Stepping ~*~*~tactically~*~*~ (outnumbered).
 20956 | Orc:1    | 20956 ||| Stepping ~*~*~tactically~*~*~ (stealth).
 20959 | Orc:1    | 20959 ||| Stepping ~*~*~tactically~*~*~ (outnumbered).
 20969 | Orc:1    | 20969 ||| Stepping ~*~*~tactically~*~*~ (outnumbered).
 20970 | Orc:1    | 20970 ||| Stepping ~*~*~tactically~*~*~ (outnumbered).
 20971 | Orc:1    | 20971 ||| Stepping ~*~*~tactically~*~*~ (outnumbered).
 21042 | Orc:2    | Entered Level 2 of the Orcish Mines
 21087 | Orc:2    | 21087 ||| INVOKING Heroism.
 21158 | Orc:2    | 21158 ||| Stepping ~*~*~tactically~*~*~ (stealth).
 21161 | Orc:2    | 21161 ||| Stepping ~*~*~tactically~*~*~ (stealth).
 21162 | Orc:2    | 21162 ||| Stepping ~*~*~tactically~*~*~ (stealth).
 21164 | Orc:2    | 21164 ||| Stepping ~*~*~tactically~*~*~ (hiding).
 21165 | Orc:2    | 21165 ||| Stepping ~*~*~tactically~*~*~ (hiding).
 21186 | Orc:2    | Noticed Erolcha
 21193 | Orc:2    | Killed Erolcha
 21287 | Orc:2    | 21287 ||| Stepping ~*~*~tactically~*~*~ (outnumbered).
 21305 | Orc:2    | 21305 ||| Stepping ~*~*~tactically~*~*~ (hiding).
 21308 | Orc:2    | 21308 ||| Stepping ~*~*~tactically~*~*~ (hiding).
 21314 | Orc:2    | 21314 ||| Stepping ~*~*~tactically~*~*~ (stealth).
 21430 | Orc:2    | 21430 ||| INVOKING Heroism.
 21437 | Orc:2    | Found Cazanod's Magic Scroll Boutique.
 21446 | Orc:2    | Found Qol Jum's General Store.
 21456 | Orc:2    | 21456 ||| Stepping ~*~*~tactically~*~*~ (outnumbered).
 21459 | Orc:2    | 21459 ||| Stepping ~*~*~tactically~*~*~ (outnumbered).
 21466 | Orc:2    | 21466 ||| INVOKING Heroism.
 21467 | Orc:2    | 21467 ||| Stepping ~*~*~tactically~*~*~ (outnumbered).
 21468 | Orc:2    | 21468 ||| Stepping ~*~*~tactically~*~*~ (outnumbered).
 21469 | Orc:2    | 21469 ||| Stepping ~*~*~tactically~*~*~ (outnumbered).
 21470 | Orc:2    | 21470 ||| Stepping ~*~*~tactically~*~*~ (outnumbered).
 21471 | Orc:2    | 21471 ||| Stepping ~*~*~tactically~*~*~ (outnumbered).
 21472 | Orc:2    | 21472 ||| Stepping ~*~*~tactically~*~*~ (outnumbered).
 21473 | Orc:2    | 21473 ||| Stepping ~*~*~tactically~*~*~ (outnumbered).
 21474 | Orc:2    | 21474 ||| Stepping ~*~*~tactically~*~*~ (outnumbered).
 21475 | Orc:2    | 21475 ||| Stepping ~*~*~tactically~*~*~ (hiding).
 21575 | Orc:2    | 21575 ||| Stepping ~*~*~tactically~*~*~ (stealth).
 21597 | Orc:2    | 21597 ||| BUYING scroll of identify (28 gold).
 21597 | Orc:2    | Bought a scroll of identify for 28 gold pieces
 21597 | Orc:2    | 21597 ||| BUYING scroll of identify (28 gold).
 21597 | Orc:2    | Bought a scroll of identify for 28 gold pieces
 21597 | Orc:2    | 21597 ||| BUYING scroll of identify (28 gold).
 21597 | Orc:2    | Bought a scroll of identify for 28 gold pieces
 21597 | Orc:2    | 21597 ||| BUYING scroll of teleportation (42 gold).
 21597 | Orc:2    | Bought a scroll of teleportation for 42 gold pieces
 21599 | Orc:2    | 21599 ||| BUYING +5 robe of Night {Dark Will+ SInv} (900
                  | gold).
 21599 | Orc:2    | Bought the +5 robe of Night {Dark Will+ SInv} for 900 gold
                  | pieces
 21599 | Orc:2    | Found the +5 robe of Night {Dark Will+ SInv}
 21599 | Orc:2    | 21599 ||| BUYING 3 scrolls of teleportation (135 gold).
 21599 | Orc:2    | Bought 3 scrolls of teleportation for 135 gold pieces
 21599 | Orc:2    | 21599 ||| BUYING scroll of teleportation (45 gold).
 21599 | Orc:2    | Bought a scroll of teleportation for 45 gold pieces
 21599 | Orc:2    | 21599 ||| BUYING scroll of teleportation (45 gold).
 21599 | Orc:2    | Bought a scroll of teleportation for 45 gold pieces
 21628 | Orc:2    | 21628 ||| Stepping ~*~*~tactically~*~*~ (stealth).
 21630 | Orc:2    | 21630 ||| Stepping ~*~*~tactically~*~*~ (hiding).
 21662 | Orc:2    | 21662 ||| Stepping ~*~*~tactically~*~*~ (hiding).
 21670 | Orc:2    | 21670 ||| INVOKING Heroism.
 21675 | Orc:2    | 21675 ||| Stepping ~*~*~tactically~*~*~ (outnumbered).
 21680 | Orc:2    | 21680 ||| Stepping ~*~*~tactically~*~*~ (outnumbered).
 21684 | Orc:2    | 21684 ||| Stepping ~*~*~tactically~*~*~ (outnumbered).
 21687 | Orc:2    | 21687 ||| Stepping ~*~*~tactically~*~*~ (outnumbered).
 21716 | Orc:2    | 21716 ||| INVOKING Heroism.
 21718 | Orc:2    | 21718 ||| Stepping ~*~*~tactically~*~*~ (outnumbered).
 21719 | Orc:2    | 21719 ||| Stepping ~*~*~tactically~*~*~ (outnumbered).
 21747 | Orc:2    | 21747 ||| Stepping ~*~*~tactically~*~*~ (hiding).
 21757 | Orc:2    | 21757 ||| Stepping ~*~*~tactically~*~*~ (stealth).
 21827 | Orc:2    | 21827 ||| Stepping ~*~*~tactically~*~*~ (hiding).
 21831 | Orc:2    | 21831 ||| INVOKING Heroism.
 21837 | Orc:2    | 21837 ||| Stepping ~*~*~tactically~*~*~ (outnumbered).
 21844 | Orc:2    | 21844 ||| Stepping ~*~*~tactically~*~*~ (hiding).
 21849 | Orc:2    | 21849 ||| INVOKING Finesse.
 21850 | Orc:2    | 21850 ||| Stepping ~*~*~tactically~*~*~ (outnumbered).
 21934 | Orc:2    | 21934 ||| INVOKING Heroism.
 21938 | Orc:2    | 21938 ||| Stepping ~*~*~tactically~*~*~ (hiding).
 21949 | Orc:2    | Reached XP level 16. HP: 153/154 MP: 22/22
 21970 | Orc:2    | 21970 ||| Stepping ~*~*~tactically~*~*~ (outnumbered).
 21971 | Orc:2    | 21971 ||| Stepping ~*~*~tactically~*~*~ (outnumbered).
 21972 | Orc:2    | 21972 ||| Stepping ~*~*~tactically~*~*~ (outnumbered).
 21973 | Orc:2    | 21973 ||| Stepping ~*~*~tactically~*~*~ (outnumbered).
 21984 | Orc:2    | Reached skill level 22 in Unarmed Combat
 22035 | Orc:2    | Found Zaedoxzu's Jewellery Emporium.
 22035 | Orc:2    | Found Qiminkor's Antique Armour Shoppe.
 22036 | Orc:2    | Found a one-way gate leading to the halls of Pandemonium.
 22038 | Orc:2    | 22038 ||| SHOPLISTING ring of protection from fire (425
                  | gold, have 35).
 22040 | Orc:2    | 22040 ||| SHOPLISTING shiny orb (276 gold, have 35).
 22064 | Orc:2    | 22064 ||| Stepping ~*~*~tactically~*~*~ (hiding).
 22084 | Orc:2    | 22084 ||| Stepping ~*~*~tactically~*~*~ (stealth).
 22098 | Orc:2    | 22098 ||| INVOKING Heroism.
 22113 | Orc:2    | Found a staircase to the Elven Halls.
 22151 | Orc:2    | Found an iron altar of Okawaru.
 22192 | Orc:2    | 22192 ||| Stepping ~*~*~tactically~*~*~ (stealth).
 22196 | Orc:2    | 22196 ||| INVOKING Heroism.
 22516 | Orc:2    | 22516 ||| UPGRADING to +5 robe of Night {Dark Will+ SInv}.
 22674 | Orc:1    | 22674 ||| INVOKING Heroism.
 22786 | Orc:1    | 22786 ||| INVOKING Heroism.
 22792 | Orc:1    | 22792 ||| Stepping ~*~*~tactically~*~*~ (outnumbered).
 22793 | Orc:1    | 22793 ||| Stepping ~*~*~tactically~*~*~ (hiding).
 22794 | Orc:1    | 22794 ||| Stepping ~*~*~tactically~*~*~ (hiding).
 22795 | Orc:1    | 22795 ||| Stepping ~*~*~tactically~*~*~ (outnumbered).
 22812 | Orc:1    | 22812 ||| Stepping ~*~*~tactically~*~*~ (outnumbered).
 22816 | Orc:1    | 22816 ||| Stepping ~*~*~tactically~*~*~ (outnumbered).
 22861 | Orc:1    | 22861 ||| READING 8 scrolls of teleportation.
 22927 | Orc:1    | 22927 ||| Stepping ~*~*~tactically~*~*~ (stealth).
 23050 | Orc:1    | 23050 ||| PLANNING SNAKE:1-3
 23240 | Snake:1  | Entered Level 1 of the Snake Pit
 23636 | Snake:1  | 23636 ||| INVOKING Heroism.
 23642 | Snake:1  | HP: 37/158 [salamander/+0 trident (13)]
 23643 | Snake:1  | 23643 ||| READING 7 scrolls of teleportation.
 23643 | Snake:1  | HP: 15/158 [salamander/+0 trident (12)]
 23643 | Snake:1  | Slain by a salamander

Levels and vault maps discovered:
D:1:      sevenhm_arrival_forest_fort_small_5, layout_loops_ring
D:2:      layout_loops_ring, dreamdust_mushroom_princess,
          uniq_crazy_yiuf_cottage, uniq_sigmund
D:3:      layout_basic, jmf_multi_god_temple, hellmonk_ghost_happy_afterlife,
          uniq_terence, uniq_natasha
D:4:      layout_basic, mainiacjoe_overflow_paths, minmay_temple_entry_junction,
          serial_shops, nicolae_shop_trees
D:5:      layout_loops_ring, nzn_hepliaklqana_mist_gate,
          hangedman_abyss_or_decor_slice,
          nicolae_concentric_dashed_squares_mild, nicolae_elevator_lobby_plus
D:6:      layout_basic
D:7:      layout_basic, cheibrodos_ashenzari_chains, amcnicky_altar_gilded,
          uniq_joseph
D:8:      layout_basic, yredelemnul_forgotten_temple_becter, erik_lair_dragon,
          serial_co_window_serial, co_window_paths_a,
          co_window_of_opportunity_a, co_window_paths_a, co_window_corner_a,
          co_window_corner_a, co_window_cross_4, co_window_unsneaky_path_c,
          co_window_corner_b, co_window_sun, co_window_4corner_a,
          glass_columns_a, glass_columns_a, glass_columns_b, glass_columns_c,
          glass_columns_a, grunt_ministairs_11
D:9:      layout_cave_pods, nicolae_elyvilon_peaceful_grove, david_orc_3,
          serial_shops, nicolae_shop_advertising_works
          [nicolae_subvault_shop_adworks]
D:10:     layout_loops_corners, mainiacjoe_overflow_small_starburst,
          minmay_fractal_squares_gapless_5, uniq_grum, uniq_maurice, uniq_fannar
D:11:     layout_stronghold, nicolae_looking_at_the_future
D:12:     layout_roguey, minmay_diamond_spiral, uniq_frances, uniq_urug,
          uniq_josephine, uniq_rupert
D:13:     layout_roguey, david_vaults_3, grunt_ministairs_15,
          nemelex_lonely_heart_becter
D:14:     layout_cave_pools
D:15:     grunt_enter_depths_snipers, layout_irregular_city, minivault_14,
          grunt_ministairs_5
Temple:   nicolae_temple_bog_church
Lair:1:   layout_gridlike, maelrawn_ghost_gauntlet_escape,
          chequers_serial_rivers_large_b
Lair:2:   layout_chaotic_city, forest_entry_grove
Lair:3:   layout_long_grid, swamp_mist_pool, guppyfry_snake_entry_garden,
          nicolae_quartered_pool_super, uniq_nessos, uniq_amaemon
Lair:4:   layout_long_grid, serial_bayou_shore_a
Lair:5:   minmay_lair_end_enchanted_forest, layout_cave_shapes, slime_entry_2,
          serial_bayou_shore_b
Snake:1:  layout_grid_maze, nicolae_snake_salamander_stairs
Orc:1:    layout_diamond_mine, basic_altar, minmay_orc_temple_b
Orc:2:    pf_orc_diabolical, layout_caves, basic_altar,
          okawaru_metal_pillars_1_2, uniq_erolcha

Skill      XL: |  1  2  3  4  5  6  7  8  9 10 11 12 13 14 15 16 |
---------------+-------------------------------------------------+-----
Unarmed Combat | 4 6 8 9 11 12 15 16 18 19 20 21 22 | 22.0
Fighting       | 3 4 5 6 7 8 9 10 | 10.0
Throwing       | 1 3 4 5 8 9 |  9.8
Dodging        | 1 2 |  2.3
Armour         | 1 2 3 |  3.0
Invocations    | 4 8 10 | 10.0
Spellcasting   | |  1.0
Fire Magic     | |  2.1

Action                   |  1- 3 |  4- 6 |  7- 9 | 10-12 | 13-15 | 16-18 || total
-------------------------+-------+-------+-------+-------+-------+-------++-------
Melee: Unarmed           |    89 |    85 |   243 |   401 |   997 |   128 ||  1943
       Punch             |       |     3 |    12 |    26 |   104 |    15 ||   160
Throw: Boomerang         |       |       |    43 |       |       |       ||    43
       Javelin           |       |       |       |    93 |     9 |       ||   102
       Large rock        |       |       |       |       |   155 |    18 ||   173
Invok: Fiery Armour      |     1 |     2 |     3 |     7 |       |       ||    13
       Heroism           |       |       |       |       |    59 |     5 ||    64
       Finesse           |       |       |       |       |     4 |       ||     4
  Use: Scroll            |     2 |     5 |    12 |     8 |     7 |     2 ||    36
       Potion            |     1 |     1 |     3 |     2 |     1 |       ||     8
 Stab: Distracted        |       |       |       |       |     1 |       ||     1
Armor: Robe              |    29 |    27 |    60 |       |       |    24 ||   140
       Troll leather arm |       |       |    36 |   190 |   353 |    15 ||   594
Dodge: Dodged            |    36 |    28 |    90 |   149 |   446 |    56 ||   805

Table legend:
 A = Non-vault XP
 B = Vault XP
 C = Vault XP percentage of total XP
 D = Non-vault monster count
 E = Vault monster count
 F = Vault count percentage of total count
                 A         B        C        D         E       F
            +---------+---------+-------+---------+---------+-------
      Total |  103352 |   58583 |  36.2 |     492 |     220 |  30.9
            +---------+---------+-------+---------+---------+-------
        D:1 |      31 |       0 |   0.0 |      18 |       0 |   0.0
        D:2 |      30 |     223 |  88.1 |      11 |       1 |   8.3
        D:3 |     326 |      74 |  18.5 |      29 |       4 |  12.1
        D:4 |     195 |       0 |   0.0 |       9 |       0 |   0.0
        D:5 |    1064 |       0 |   0.0 |      20 |       0 |   0.0
        D:6 |    1251 |       0 |   0.0 |      15 |       0 |   0.0
        D:7 |    1501 |     466 |  23.7 |      29 |       1 |   3.3
        D:8 |     673 |    1377 |  67.2 |       7 |      12 |  63.2
        D:9 |    1951 |     129 |   6.2 |      17 |       5 |  22.7
       D:10 |    4082 |    2330 |  36.3 |      25 |       9 |  26.5
       D:11 |    7411 |     913 |  11.0 |      15 |      11 |  42.3
       D:12 |    5365 |    8448 |  61.2 |      18 |      12 |  40.0
       D:13 |   10536 |    6582 |  38.5 |      30 |      21 |  41.2
       D:14 |   10092 |       0 |   0.0 |      17 |       0 |   0.0
       D:15 |   14222 |    6329 |  30.8 |      30 |      10 |  25.0
     Lair:1 |    3086 |       0 |   0.0 |      16 |       0 |   0.0
     Lair:2 |    3813 |    1094 |  22.3 |      12 |       7 |  36.8
     Lair:3 |   11352 |    2792 |  19.7 |      43 |       6 |  12.2
     Lair:4 |    7431 |       0 |   0.0 |      24 |       0 |   0.0
     Lair:5 |   11770 |    8858 |  42.9 |      34 |      42 |  55.3
    Snake:1 |    1102 |    1286 |  53.9 |       2 |       2 |  50.0
      Orc:1 |    3246 |     434 |  11.8 |      47 |      17 |  26.6
      Orc:2 |    2822 |   17248 |  85.9 |      24 |      60 |  71.4
            +---------+---------+-------+---------+---------+-------
